 Dungeon Crawl Stone Soup version 0.24.0-10-g970556be89 (webtiles) character file.

Game seed: 11865841611328185336, levelgen mode: deterministic

7178 Emblim88 the Covert (level 10, -1/50 (51) HPs)
             Began as a Spriggan Hunter on Nov 3, 2019.
             Was an Initiate of Gozag.
             Slain by a catoblepas (12 damage)
             ... while petrified by you
             ... on level 9 of the Dungeon.
             The game lasted 00:47:48 (16717 turns).

Emblim88 the Covert (Spriggan Hunter)              Turns: 16717, Time: 00:47:48

HP:   -1/50 (51)    AC:  3    Str:  8    XL:     10   Next: 86%
MP:   24/24         EV:  4    Int: 12    God:    Gozag
Gold: 644           SH:  0    Dex: 21    Spells: 5/9 levels left

rFire    . . .     SeeInvis +   O - +1 hand crossbow of the Immovable Seas {elec, rElec}
rCold    . . .     Gourm    .   (shield restricted)
rNeg     + + +     Faith    .   c - +1 robe
rPois    ∞         Spirit   .   (helmet restricted)
rElec    +         Reflect  .   (no cloak)
rCorr    .         Harm     .   (gloves unavailable)
MR       ++...                  (boots unavailable)
Stlth    ++++++....             (no amulet)
HPRegen  0.16/turn              M - ring "Uhauchen" {*Corrode rPois MR+ MP+9 Stlth+}
MPRegen  0.19/turn              y - ring of poison resistance

@: petrified, very quick
A: very small, unfitting armour, see invisible, herbivore, speed 3, slow
metabolism 2
a: Potion Petition, Call Merchant, Bribe Branch, Renounce Religion


You were on level 9 of the Dungeon.
You worshipped Gozag.
Gozag was pleased with you.
You were not hungry.

You visited 1 branch of the dungeon, and saw 9 of its levels.

You collected 1459 gold pieces.
You spent 765 gold pieces at shops.
You paid 50 gold pieces to Gozag.

Inventory:

Hand Weapons
 a - a +1 hunting sling
 p - a +2 dagger of venom
 B - a +0 arbalest
 K - a +2 dagger of chaos
 O - the +1 hand crossbow of the Immovable Seas (weapon) {elec, rElec}
   (You bought it in a shop on level 8 of the Dungeon)

   It charges the ammunition it shoots with electricity; occasionally upon a
   hit, such missiles may discharge and cause terrible harm.
   It insulates you from electricity.
Missiles
 k - 58 stones
 C - 2 throwing nets
 P - 23 bolts (quivered)
Armour
 c - a +1 robe (worn)
Magical Staves
 s - an uncursed staff of conjuration {unknown}
 J - an uncursed staff of air {unknown}
Jewellery
 j - an uncursed ring of flight
 y - a ring of poison resistance (right hand)
 H - an uncursed ring of ice
 M - the ring "Uhauchen" (left hand) {*Corrode rPois MR+ MP+9 Stlth+}
   (You bought it in a shop on level 7 of the Dungeon)

   [ring of magical power]

   It protects you from poison.
   It affects your resistance to hostile enchantments.
   It affects your magic capacity (+9).
   It may corrode you when you take damage.
   It makes you more stealthy.
Wands
 F - a wand of random effects (14)
 G - a wand of enslavement (19)
 L - a wand of flame (10)
Scrolls
 d - a scroll of fear
 e - a scroll of noise
 g - 2 scrolls of magic mapping
 i - 6 scrolls of teleportation
 n - 2 scrolls of enchant armour
 r - 3 scrolls of remove curse
 t - a scroll of immolation {unknown}
 w - a scroll of enchant weapon
 x - a scroll of amnesia
Potions
 b - a potion of cancellation
 h - 2 potions of agility
 l - 2 potions of heal wounds
 o - 2 potions of haste
 q - a potion of flight {unknown}
 u - a potion of brilliance
 v - a potion of lignification {unknown}
 z - a potion of invisibility
 D - 3 potions of degeneration {unknown}
 E - a potion of magic {unknown}
 I - a potion of might {unknown}
Miscellaneous
 A - a lamp of fire
Comestibles
 f - 7 rations


   Skills:
 - Level 4.8 Fighting
 - Level 8.8 Slings
 * Level 5.8 Crossbows
 - Level 8.6 Dodging
 - Level 12.1 Stealth
 - Level 5.9 Transmutations
 - Level 3.1 Ice Magic
 - Level 4.1 Earth Magic
 - Level 5.8 Evocations


You had 5 spell levels left.
You knew the following spells:

 Your Spells              Type           Power        Failure   Level  Hunger
a - Passwall              Tmut/Erth      ##......     6%          2    ###....
b - Throw Frost           Conj/Ice       #.....       26%         2    ###....

Your spell library contained the following spells:

 Spells                   Type           Power        Failure   Level  Hunger
 Sandblast                Erth           #.....       6%          1    ##.....
 Freeze                   Ice            #...         10%         1    ##.....
 Petrify                  Tmut/Erth      ##......     38%         4    #####..
 Stone Arrow              Conj/Erth      #.....       41%         3    ####...
 Ozocubu's Armour         Chrm/Ice       #.......     47%         3    ####...
 Lee's Rapid Deconstruct  Erth           #.........   86%         5    ######.
 Summon Ice Beast         Ice/Summ       #.......     87%         4    #####..
 Throw Icicle             Conj/Ice       #.......     87%         4    #####..


Dungeon Overview and Level Annotations

Branches:
Dungeon (9/15)             Temple (0/1) D:6            Lair (0/6) D:8
    Orc: D:9-12

Altars:
Cheibriados
Elyvilon
Gozag
Hepliaklqana
Kikubaaqudgha
Nemelex Xobeh
Qazlal
Vehumet
Wu Jian

Shops:
D:7 =   D:8 (

Annotations:
D:5 1 runed translucent door, Acheron's ghost, amateur KoHu


Innate Abilities, Weirdness & Mutations

You are very small and have problems with some larger weapons.
You are too small for most types of armour.
You have supernaturally acute eyesight. (SInv)
You are a herbivore.
You cover ground extremely quickly.
You need to consume almost no food.


Message History

No target in view!
You are engulfed in calcifying dust.
You are slowing down.
Your limbs are stiffening.
You have turned to stone.
The catoblepas breathes in.
The catoblepas breathes a plume of calcifying dust at you.
The blast of calcifying dust hits you.
You are engulfed in calcifying dust.
The catoblepas gores you!!
You are engulfed in calcifying dust.
The catoblepas gores you!
You are engulfed in calcifying dust.
The catoblepas gores you!
* * * LOW HITPOINT WARNING * * *
The catoblepas gores you but does no damage.
The catoblepas gores you.
The catoblepas breathes a plume of calcifying dust at you.
The blast of calcifying dust hits you!
* * * LOW HITPOINT WARNING * * *
You are engulfed in calcifying dust.
The catoblepas gores you!!
You die...
Your body crumbles into a pile of gold.

....# ##'##### ....# #.# .####
#.# .##### #.# .....# #.# .....#
#.# .....########§#
.....+......#.########
.....######)...Y@§§..############
.....# ###.######.............
.....# #§# ############## .....#
#§# .....# #Y# ..<..# #(# )....#
#.# '##### #.# .# #(# #


You could see a catoblepas.

Vanquished Creatures
  A two-headed ogre (D:8)
  Psyche (D:8)
  A hornet (D:7)
  2 hippogriffs
  5 yaks (D:8)
  2 basilisks (D:8)
  A water moccasin (D:8)
  4 porcupines (D:8)
  4 orc warriors
  2 sky beasts (D:9)
  5 ice beasts
  3 phantoms (D:9)
  A necrophage (D:7)
  2 ogres (D:9)
  5 centaurs
  A crocodile (D:8)
  3 bullfrogs
  3 scorpions
  6 wights (D:7)
  4 crimson imps
  2 bullfrog zombies (D:8)
  A centaur zombie (D:6)
  A centaur skeleton (D:8)
  5 hounds
  4 orc priests
  2 jellies
  8 orc wizards
  A bullfrog skeleton (D:6)
  3 iguanas
  11 worker ants
  2 killer bee zombies
  3 mummies
  A worker ant zombie (D:5)
  3 gnolls (D:7)
  18 adders
  2 shadow imps
  An ooze (D:1)
  2 adder skeletons
  4 worms (D:3)
  6 leopard geckos
  32 orcs
  6 giant cockroaches
  9 goblins
  6 hobgoblins
  4 jackals (D:7)
  6 kobolds
  A quokka (D:8)
  9 ball pythons
  5 bats
  6 frilled lizards
  A leopard gecko zombie (D:7)
  A quokka skeleton (D:8)
  5 rats
227 creatures vanquished.

Vanquished Creatures (others)
  A quokka (D:9)
  3 bushes (D:8)
  9 fungi
  13 plants (D:8)
  4 toadstools (D:7)
30 creatures vanquished.

Grand Total: 257 creatures vanquished

Notes
Turn   | Place    | Note
-------+----------+-------------------------------------------
     0 | D:1      | Emblim88 the Spriggan Hunter began the quest for the Orb.
     0 | D:1      | Reached XP level 1. HP: 10/10 MP: 2/2
    32 | D:1      | Reached skill level 2 in Stealth
   127 | D:1      | Reached XP level 2. HP: 15/15 MP: 3/3
   137 | D:1      | Reached skill level 5 in Slings
   413 | D:1      | Reached skill level 3 in Stealth
   781 | D:2      | Reached XP level 3. HP: 18/18 MP: 4/4
   870 | D:2      | Reached skill level 4 in Stealth
  1235 | D:2      | Reached XP level 4. HP: 23/23 MP: 5/5
  1926 | D:3      | Reached skill level 5 in Stealth
  1926 | D:3      | Reached XP level 5. HP: 18/27 MP: 6/6
  2409 | D:3      | Reached skill level 6 in Stealth
  2626 | D:4      | Reached XP level 6. HP: 17/32 MP: 7/7
  2705 | D:3      | Reached skill level 5 in Dodging
  3572 | D:4      | Reached skill level 7 in Stealth
  4368 | D:5      | Entered Level 5 of the Dungeon
  4375 | D:5      | Learned a level 2 spell: Passwall
  4410 | D:5      | Reached XP level 7. HP: 36/36 MP: 8/8
  4466 | D:5      | Found a runed translucent door.
  4466 | D:5      | Noticed Acheron's ghost (amateur KoHu)
  4508 | D:5      | Reached skill level 1 in Transmutations
  4579 | D:5      | Reached skill level 1 in Evocations
  4610 | D:5      | Found a stormy altar of Qazlal.
  4619 | D:5      | Found a snail-covered altar of Cheibriados.
  4629 | D:5      | Found an ornate altar of the Wu Jian Council.
  4638 | D:5      | Found a hazy altar of Hepliaklqana.
  4647 | D:5      | Found a sparkling altar of Nemelex Xobeh.
  4656 | D:5      | Found an opulent altar of Gozag.
  4669 | D:5      | Found an ancient bone altar of Kikubaaqudgha.
  4836 | D:5      | Became a worshipper of Gozag Ym Sagoz the Greedy
  5110 | D:5      | Reached skill level 1 in Earth Magic
  5802 | D:6      | Reached skill level 8 in Stealth
  6315 | D:6      | Reached XP level 8. HP: 37/40 MP: 10/10
  6733 | D:6      | Learned a level 2 spell: Throw Frost
  6922 | D:6      | Found a staircase to the Ecumenical Temple.
  7170 | D:7      | Reached skill level 9 in Stealth
  7275 | D:7      | Noticed a hippogriff
  7807 | D:7      | Reached skill level 1 in Ice Magic
  8226 | D:7      | Found Heismigi's Jewellery Shoppe.
  8229 | D:7      | Bought the ring "Uhauchen" {*Corrode rPois MR+ MP+9 Stlth+}
                  | for 476 gold pieces
  8713 | D:7      | Killed a hippogriff
  9254 | D:7      | Reached XP level 9. HP: 44/44 MP: 12/12
  9317 | D:7      | Reached skill level 10 in Stealth
 10046 | D:8      | Noticed Psyche
 10992 | D:8      | Killed Psyche
 11972 | D:8      | Found a radiant altar of Vehumet.
 12217 | D:8      | Reached skill level 11 in Stealth
 12298 | D:8      | Reached skill level 5 in Transmutations
 12298 | D:8      | Reached skill level 5 in Evocations
 12586 | D:8      | Found a staircase to the Lair.
 12931 | D:8      | Reached XP level 10. HP: 48/50 MP: 14/14
 12977 | D:8      | Noticed a two-headed ogre
 13521 | D:8      | Killed a two-headed ogre
 13744 | D:8      | Reached skill level 12 in Stealth
 14483 | D:8      | Found Nenuk's Antique Weapon Emporium.
 14490 | D:8      | Bought a scorched hand crossbow for 289 gold pieces
 14490 | D:8      | Identified the cursed +1 hand crossbow of the Immovable
                  | Seas {elec, rElec} (You bought it in a shop on level 8 of
                  | the Dungeon)
 15100 | D:9      | Reached skill level 1 in Crossbows
 15209 | D:9      | Found a white marble altar of Elyvilon.
 15815 | D:9      | Reached skill level 5 in Crossbows
 15865 | D:9      | Noticed a catoblepas
 16717 | D:9      | Slain by a catoblepas

Levels and vault maps discovered:
D:1:      psy_arrival_basics, layout_basic
D:2:      layout_basic, first_ration
D:3:      layout_rooms, minmay_snake_closets
D:4:      layout_loops_ring, portal_sewer_entry_c
D:5:      layout_loops_ring, grunt_temple_overflow_octagram,
          hellmonk_ghost_happy_afterlife, kennysheep_nub,
          chequers_serial_rivers_micro_e
D:6:      layout_basic, minmay_temple_entry_poolview
D:7:      layout_loops_ring, serial_undead, serial_undead_a, serial_undead_f,
          serial_undead_b, serial_undead_d, serial_undead_d, serial_undead_a,
          serial_undead_b, serial_shops, nicolae_shop_behind_doors,
          minmay_gold_behind_fungi
D:8:      layout_basic, vehumet_altar_wand_db, minmay_lair_entry_grove,
          gup_ossuary_entry_pyramid, serial_shops, nicolae_shop_behind_doors,
          uniq_psyche
D:9:      layout_roguey, elyvilon_altar_4

Skill      XL: |  1  2  3  4  5  6  7  8  9 10 |
---------------+-------------------------------+-----
Stealth        | 2 3 4 5 6 7 8 9 11 12 | 12.1
Slings         | 5 6 7 8 |  8.8
Fighting       | 2 3 4 |  4.8
Dodging        | 4 5 6 7 8 |  8.6
Transmutations | 2 3 5 |  5.9
Evocations     | 2 3 5 |  5.8
Earth Magic    | 1 2 3 4 |  4.1
Ice Magic      | 1 2 3 |  3.1
Crossbows      | 5 |  5.8

Action                   |  1- 3 |  4- 6 |  7- 9 | 10-12 || total
-------------------------+-------+-------+-------+-------++-------
Melee: Dagger            |       |     8 |    68 |    41 ||   117
 Fire: Hunting sling     |    97 |   245 |   870 |    87 ||  1299
       Hand crossbow     |       |       |       |   159 ||   159
       Shortbow          |       |       |       |    81 ||    81
 Cast: Throw Frost       |       |       |     5 |     9 ||    14
Evoke: Wand              |       |       |    29 |     7 ||    36
  Use: Scroll            |       |    10 |     3 |     3 ||    16
       Potion            |       |     2 |       |     1 ||     3
 Stab: Sleeping          |       |     4 |     8 |       ||    12
       Distracted        |       |       |     3 |       ||     3
  Eat: Ration            |       |       |     4 |     3 ||     7
Armor: Robe              |       |     9 |    17 |     7 ||    33
Dodge: Dodged            |    26 |    91 |   260 |   156 ||   533
